 Dungeon Crawl Stone Soup version 0.32-a0-779-g362cfcae2a (webtiles) character file.

Game seed: 11750587337785416826

26154 Alarak the Severer (level 12, -1/105 HPs)
             Began as a Mountain Dwarf Fighter on Mar 19, 2024.
             Was a High Priest of Makhleb.
             Slain by an elephant (13 damage)
             ... on level 1 of the Lair of Beasts.
             The game lasted 00:51:50 (13633 turns).

Alarak the Severer (Mountain Dwarf Fighter)        Turns: 13633, Time: 00:51:52

Health: -1/105     AC: 22    Str: 24    XL:     12   Next: 95%
Magic:  6/6        EV:  6    Int:  9    God:    Makhleb [*****.]
Gold:   907        SH:  0    Dex:  9    Spells: 11/11 levels left

rFire   . . .        x - +7 battleaxe of Floral Action {antimagic, rElec Stlth+}
rCold   . . .        (shield currently unavailable)
rNeg    . . .        p - +1 plate armour
rPois   .            d - +0 helmet
rElec   +            G - +0 cloak
rCorr   .            (no gloves)
SInv    +            (no boots)
Will    +....        (no amulet) Stlth
                     s - +4 ring of protection
HPRegen 0.37/turn    g - ring of see invisible
MPRegen 0.10/turn

%: no passive effects
@: slowed, very slow
A: runic magic, artefact enchanting
a: Renounce Religion, Minor Destruction, Lesser Servant of Makhleb, Major
Destruction, Greater Servant of Makhleb


You were on level 1 of the Lair of Beasts.
You worshipped Makhleb.
Makhleb was extremely pleased with you.
You visited 2 branches of the dungeon, and saw 15 of its levels.
You also visited: Ossuary.

You collected 907 gold pieces.

Inventory:

Hand Weapons
 a - a +1 war axe
 e - a +0 great mace
 t - a +4 hand axe
 u - a +2 hand axe of freezing
 x - the +7 battleaxe of Floral Action (weapon) {antimagic, rElec Stlth+}
   (You acquired it on level 1 of the Lair of Beasts)

   rElec:     It insulates you from electricity.
   Stlth+:    It makes you more stealthy.
 M - a +1 broad axe of freezing
Missiles
 R - 6 silver javelins
Armour
 c - a +0 buckler
 d - a +0 helmet (worn)
 p - a +1 plate armour (worn)
 z - the +18 shield of the Gong {Loud rN+ Will+ rCorr EV-5}
   (You found it on level 7 of the Dungeon)

   Loud:      It is deafeningly noisy when blocking attacks.
   EV-5:      It affects your evasion (-5).
   rN+:       It protects you from negative energy.
   Will+:     It increases your willpower.
   rCorr:     It protects you from acid and corrosion.
 G - a +0 cloak (worn)
Jewellery
 f - a +6 ring of intelligence
 g - a ring of see invisible (right hand)
 s - a +4 ring of protection (left hand)
 F - a ring of resist corrosion
 L - a ring of positive energy
 O - a ring of willpower
Wands
 k - a wand of flame (11)
 m - a wand of charming (34)
 C - a wand of iceblast (14)
 H - a wand of polymorph (5)
 Q - a wand of digging (2)
Scrolls
 q - 4 scrolls of enchant weapon
 r - 6 scrolls of teleportation
 w - 2 scrolls of fear
 y - a scroll of fog
 B - 2 scrolls of enchant armour
 E - 2 scrolls of silence
 J - 3 scrolls of poison
 K - a scroll of identify
 N - a scroll of amnesia
 T - a scroll of vulnerability
Potions
 b - 2 potions of might
 h - 4 potions of enlightenment
 i - 4 potions of invisibility
 l - 2 potions of lignification
 n - 4 potions of cancellation
 o - 3 potions of attraction
 v - 5 potions of mutation
 A - 4 potions of brilliance
 D - 3 potions of haste
 I - 2 potions of degeneration


   Skills:
 + Level 9.5 Fighting
 - Level 16.2 Axes
 - Level 10.1 Armour
 - Level 15.4 Shields
 - Level 8.2 Invocations


You had 11 spell levels left.
You didn't know any spells.
Your spell library contained the following spells:

 Spells                   Type           Power      Damage    Failure   Level
 Apportation              Tloc           0%         N/A       58%         1
 Necrotise                Necr           0%         1d4       58%         1
 Sting                    Conj/Alch      0%         1d3       58%         1
 Summon Small Mammal      Summ           0%         N/A       58%         1
 Mercury Vapours          Alch/Air       0%         N/A       73%         2
 Dazzling Flash           Conj/Hex       0%         N/A       91%         3
 Hailstorm                Conj/Ice       0%         3d5       91%         3
 Mephitic Cloud           Conj/Alch/Air  0%         N/A       91%         3
 Passwall                 Erth           0%         N/A       91%         3
 Summon Ice Beast         Ice/Summ       0%         N/A       91%         3
 Volatile Blastmotes      Fire/Tloc      0%         2d10      91%         3
 Leda's Liquefaction      Alch/Erth      0%         N/A       100%        4
 Petrify                  Alch/Erth      0%         N/A       100%        4
 Freezing Cloud           Conj/Ice/Air   0%         6-21      100%        5
 Metabolic Englaciation   Hex/Ice        0%         N/A       100%        5
 Bombard                  Conj/Erth      0%         9d1       100%        6
 Permafrost Eruption      Ice/Erth       0%         2x4d2     100%        6
 Sculpt Simulacrum        Ice/Alch       0%         N/A       100%        6
 Starburst                Conj/Fire      0%         6d3       100%        6
 Maxwell's Capacitive Co  Air            0%         ∞         100%        8


Dungeon Overview and Level Annotations

Branches:
Dungeon (13/15)            Temple (0/1) D:6            Lair (2/5) D:8
    Orc (0/2) D:9         Ossuary (visited)
  Swamp: Lair:2-3    Shoals: Lair:2-3     Snake: Lair:2-3    Spider: Lair:2-3
 Vaults: D:13-14

Altars:
Elyvilon
Gozag
Makhleb
Nemelex Xobeh
Uskayaw
Xom
Yredelemnul

Shops:
D:3 *   D:8 [   D:11 *

Annotations:
D:7 3 runed translucent doors, DEFE's ghost, novice CoFi
Lair:1 1 runed translucent door, Cuomipinox's ghost, journeyman GnCj


Innate Abilities, Weirdness & Mutations

Your spellcasting is much less encumbered by armour.
You can use scrolls of enchantment on lesser artefacts.


Message History

The elephant trunk-slaps you but does no damage.
The yak gores you.
The hornet stings you but does no damage.
The blink frog hits you but does no damage.
The spriggan druid hits you with a +2 spectral quarterstaff.
You can move again.
There is a stone staircase leading up, spattered with blood here.
The hornet completely misses you. The blink frog closely misses you.
The yak completely misses you. The elephant barely misses you.
The elephant trunk-slaps you but does no damage.
The yak gores you! The yak closely misses you.
The spriggan druid hits you with a +2 spectral quarterstaff.
The hornet stings you but does no damage.
You climb upwards.
Level annotation: 1 runed translucent door, Cuomipinox's ghost, journeyman GnCj
There is a stone staircase leading down, spattered with blood here.
You slice the elephant!!
The elephant is moderately wounded.
You slash the blink frog!
The blink frog's magic leaks into the air.
You slash the hornet! You hit the yak. You barely miss the spriggan druid.
You hit the yak. You slice the yak!! The blink frog hits you.
The yak gores you! The yak gores you but does no damage.
The elephant tramples you.
* * * LOW HITPOINT WARNING * * *
You hold your ground!
The elephant trunk-slaps you but does no damage.
The yak gores you but does no damage.
The hornet stings you but does no damage.
The blink frog falters for a moment.
The spriggan druid casts a spell at you.
The stone arrow hits you!!
* * * LOW HITPOINT WARNING * * *
You feel better. The hornet stings you.
* * * LOW HITPOINT WARNING * * *
You feel yourself slow down. The yak gores you but does no damage.
The blink frog hits you.
* * * LOW HITPOINT WARNING * * *
The yak gores you but does no damage. The elephant tramples you!
You die...

##.(..............
#.................
##................
######................
#........###.#.##.####
#........##########
#.........##
##...Yyi....##
#....Y@####..######
##...FYY..........#
##.........P.PPP..#
#...............P.#
##..............P.#
#....[........PP.##
#..........⌠P.....#
#.................#
##P.............P..#


You could see an elephant, a spriggan druid, 3 yaks, a blink frog (magic
disrupted) and a hornet.

Vanquished Creatures
  A two-headed ogre (D:11)
  2 boulder beetles
  2 catoblepae
  A death yak (D:8)
  A spriggan druid (Lair:1)
  An ugly thing (D:11)
  Maurice (D:9)
  2 vault sentinels (D:7)
  A black mamba (Lair:1)
  A gargoyle (D:11)
  3 kobold demonologists (D:11)
  A rime drake (Lair:2)
  8 cane toads
  2 komodo dragons
  4 trolls
  13 blink frogs
  2 shadows (D:9)
  29 yaks
  2 wyverns
  2 wraiths (D:11)
  A basilisk (D:11)
  2 steam dragons
  7 vampire mosquitoes
  An acid dragon (D:11)
  7 water moccasins
  7 black bears
  3 orc warriors
  2 sky beasts (D:7)
  An ice beast (D:8)
  7 centaurs
  8 wolves
  5 phantoms
  2 kobold brigands
  5 bullfrogs
  A scorpion (D:3)
  2 water moccasin zombies (Ossuary)
  4 wights
  3 killer bees (D:10)
  A troll zombie (D:9)
  8 howler monkeys
  An electric eel (Lair:1)
  4 bombardier beetles
  A centaur zombie (Ossuary)
  3 jellies
  A bullfrog zombie (Ossuary)
  3 hounds
  3 orc priests
  2 sleepcaps
  6 orc wizards
  Ijyb (D:4)
  Natasha (thrice) (D:4)
  3 iguanas
  2 scorpion zombies (Ossuary)
  7 ogre zombies
  A hound zombie (D:4)
  4 hound skeletons (D:4)
  Robin (D:2)
  9 adders
  A white imp (D:6)
  5 adder zombies
  3 dart slugs
  2 ribbon worms
  41 orcs
  4 ball pythons
  3 bats
  9 endoplasms
  A giant cockroach (D:1)
  5 gnoll zombies
  15 goblins
  10 hobgoblins
  A jackal (D:1)
  12 kobolds
  3 quokkas
  7 frilled lizards
  5 gnoll skeletons (D:9)
  4 goblin zombies (Ossuary)
  A hobgoblin zombie (Ossuary)
  4 orc skeletons (D:9)
  12 orc zombies
  7 rats
366 creatures vanquished.

Vanquished Creatures (collateral kills)
  A komodo dragon (D:11)
  A wraith (D:11)
2 creatures vanquished.

Grand Total: 368 creatures vanquished

Notes
Turn   | Place    | Note
-------+----------+-------------------------------------------
     0 | D:1      | Alarak the Mountain Dwarf Fighter began the quest for the
                  | Orb.
     0 | D:1      | Reached XP level 1. HP: 19/19 MP: 1/1
    87 | D:1      | Reached XP level 2. HP: 14/27 MP: 2/2
   184 | D:1      | Upgraded the game from 0.32-a0-768-g0f6f1dd4b9 to
                  | 0.32-a0-779-g362cfcae2a
   402 | D:1      | Reached skill level 3 in Axes
   637 | D:2      | Reached XP level 3. HP: 33/33 MP: 3/3
   750 | D:2      | Noticed Robin
   764 | D:2      | Reached skill level 4 in Axes
   782 | D:2      | Killed Robin
   783 | D:2      | Reached XP level 4. HP: 15/40 MP: 4/4
  1134 | D:2      | You fall into a shaft and drop 1 floor!
  1257 | D:2      | Reached skill level 5 in Axes
  1617 | D:3      | Reached skill level 6 in Axes
  1617 | D:3      | Reached XP level 5. HP: 43/46 MP: 5/5
  1686 | D:3      | Found a burning altar of Makhleb.
  1693 | D:3      | Found a white marble altar of Elyvilon.
  1694 | D:3      | Found a hide-covered altar of Uskayaw.
  1695 | D:3      | Found a basalt altar of Yredelemnul.
  1699 | D:3      | Became a worshipper of Makhleb the Destroyer
  1727 | D:3      | Found Reann's Assorted Antiques.
  2467 | D:4      | Noticed Natasha
  2481 | D:3      | Reached skill level 7 in Axes
  2481 | D:3      | Reached XP level 6. HP: 24/52 MP: 6/6
  2591 | D:4      | Killed Natasha
  2638 | D:4      | Noticed Natasha
  2645 | D:4      | Killed Natasha
  2662 | D:4      | Noticed Natasha
  2670 | D:4      | Killed Natasha
  2671 | D:4      | Reached skill level 8 in Axes
  2841 | D:4      | Reached * piety under Makhleb
  2877 | D:4      | Found a sand-covered staircase.
  2893 | Ossuary  | Entered an ossuary
  2980 | Ossuary  | Reached XP level 7. HP: 58/59 MP: 7/7
  3006 | Ossuary  | Reached skill level 5 in Armour
  3143 | Ossuary  | Noticed a silent spectre
  3362 | D:4      | Reached ** piety under Makhleb
  3379 | D:4      | Reached skill level 5 in Shields
  3471 | D:4      | Noticed Ijyb
  3487 | D:4      | Killed Ijyb
  3687 | D:4      | Reached skill level 1 in Invocations
  4080 | D:5      | Entered Level 5 of the Dungeon
  4100 | D:4      | Reached XP level 8. HP: 25/66 MP: 10/10
  4246 | D:5      | Reached skill level 5 in Invocations
  4834 | D:6      | Found a staircase to the Ecumenical Temple.
  5477 | D:6      | Reached skill level 5 in Fighting
  5853 | D:7      | Reached *** piety under Makhleb
  5858 | D:7      | Reached XP level 9. HP: 76/78 MP: 15/15
  6081 | D:7      | Noticed a troll
  6087 | D:7      | Killed a troll
  6097 | D:7      | Found a runed translucent gate.
  6097 | D:7      | Found a runed translucent gate.
  6097 | D:7      | Found an opulent altar of Gozag.
  6097 | D:7      | Found a runed translucent gate.
  6097 | D:7      | Noticed a two-headed ogre
  6097 | D:7      | Noticed DEFE's ghost (novice CoFi)
  6445 | D:7      | Noticed a vault sentinel
  6448 | D:7      | Noticed a vault sentinel
  6490 | D:7      | Killed a vault sentinel
  6495 | D:7      | Killed a vault sentinel
  6496 | D:7      | Reached XP level 10. HP: 53/91 MP: 16/16
  6615 | D:7      | Found the +18 shield of the Gong {Loud rN+ Will+ rCorr
                  | EV-5}
  6974 | D:8      | Found Betz's Armour Boutique.
  7261 | D:8      | Reached skill level 10 in Armour
  7330 | D:8      | Found a staircase to the Lair.
  7485 | D:9      | Identified a scroll of acquirement
  7485 | D:9      | Acquired a manual of Shields
  7513 | D:9      | Reached **** piety under Makhleb
  7544 | D:9      | Noticed Maurice
  7645 | D:9      | Maurice stole a +6 ring of intelligence
  7653 | D:9      | Killed Maurice
  7654 | D:9      | Reached skill level 10 in Shields
  7741 | D:9      | Found a staircase to the Orcish Mines.
  8605 | D:10     | Entered Level 10 of the Dungeon
  8796 | D:10     | Reached ***** piety under Makhleb
  8797 | D:10     | Reached XP level 11. HP: 97/97 MP: 17/17
  9468 | D:10     | Found a sparkling altar of Nemelex Xobeh.
  9774 | D:11     | Noticed a boulder beetle
 10005 | D:10     | Killed a boulder beetle
 10188 | D:11     | Found Xoatak's General Store.
 10550 | D:12     | Noticed a two-headed ogre
 10573 | D:11     | Killed a two-headed ogre
 10574 | D:11     | Reached skill level 15 in Shields
 10761 | D:12     | Noticed a brown ugly thing
 10787 | D:11     | Noticed a soul eater
 10816 | D:12     | Noticed a soul eater
 10827 | D:11     | Noticed a soul eater
 10831 | D:11     | Reached skill level 9 in Axes
 10970 | D:12     | Noticed a boulder beetle
 11024 | D:11     | Killed a brown ugly thing
 11025 | D:11     | Reached skill level 10 in Axes
 11065 | D:11     | Killed a boulder beetle
 11710 | D:11     | Reached skill level 11 in Axes
 11716 | D:11     | Acquired a +1 broad axe of freezing
 11858 | Lair:1   | Entered Level 1 of the Lair of Beasts
 11887 | Lair:1   | Reached XP level 12. HP: 104/104 MP: 18/18
 11908 | Lair:1   | Reached skill level 12 in Axes
 11983 | Lair:1   | Noticed a death yak
 12002 | D:8      | Killed a death yak
 12003 | D:8      | Reached skill level 13 in Axes
 12214 | Lair:1   | Noticed a catoblepas
 12233 | Lair:1   | Killed a catoblepas
 12453 | Lair:1   | Reached skill level 14 in Axes
 12770 | Lair:1   | Found a runed translucent door.
 12771 | Lair:1   | Found a shimmering altar of Xom.
 12771 | Lair:1   | Noticed Cuomipinox's ghost (journeyman GnCj)
 13241 | Lair:2   | Reached skill level 15 in Axes
 13301 | Lair:2   | Reached skill level 16 in Axes
 13301 | Lair:2   | Noticed a catoblepas
 13315 | Lair:2   | Killed a catoblepas
 13619 | Lair:1   | Acquired the +7 battleaxe of Floral Action {antimagic,
                  | rElec Stlth+}
 13628 | Lair:2   | Paralysed by a hornet for 2 turns
 13633 | Lair:1   | Slain by an elephant

Illustrated notes

Levels and vault maps discovered:
D:1:      psy_arrival_conway, layout_rooms, minivault_24,
          minmay_misc_feat_cross, minmay_domino_2
D:2:      minmay_razor_zed, layout_rooms, st_stairs_10, uniq_robin
D:3:      layout_loops_corners, mainiacjoe_overflow_alcove_3,
          cheibrodos_sewer_entry_drain, serial_shops, shop, minivault_4,
          kennysheep_generic_room_12
D:4:      layout_cave_pods, mainiacjoe_ossuary_entry_find_the_door,
          serial_library_hellmonk_secret_room, uniq_natasha, uniq_ijyb
D:5:      layout_rooms
D:6:      layout_loops_ring, temple_doors_ab
D:7:      layout_rooms, ebering_ghost_gozag, hellmonk_guarded_unrand_gong
D:8:      layout_loops_ring, dpeg_oklobed_lair, serial_shops,
          nicolae_shop_statue_plus
D:9:      layout_loops_ring, zombieorc1_lemuel, kennysheep_cross_room,
          uniq_maurice
D:10:     layout_loops_corners, nemelex_spade_bored_becter, minivault_22
D:11:     layout_rooms, serial_shops, nicolae_inconvenience_store
D:12:     layout_cave_pools
D:13:     layout_basic
Lair:1:   layout_cellular_growth, ebering_ghost_xom,
          pdpol_lair_neglected_garden, wad_woods_river_01
Lair:2:   layout_chaotic_city, mainiacjoe_swamp_entry_angry_trees,
          chequers_serial_rivers_micro_b

Skill      XL: |  1  2  3  4  5  6  7  8  9 10 11 12 |
---------------+-------------------------------------+-----
Fighting       | 4 6 9 |  9.5
Axes           | 3 4 6 7 8 11 16 | 16.2
Armour         | 4 5 8 10 | 10.1
Shields        | 5 12 15 | 15.4
Invocations    | 3 8 |  8.2

Action                     |  1- 3 |  4- 6 |  7- 9 | 10-12 || total
---------------------------+-------+-------+-------+-------++-------
  Melee: War axe           |    97 |    97 |       |       ||   194
         Hand axe          |       |   113 |   323 |   571 ||  1007
         Broad axe         |       |       |       |   233 ||   233
         Battleaxe         |       |       |       |     1 ||     1
 Invoke: Minor Destruction |       |       |    81 |   251 ||   332
         Lesser Servant of |       |       |       |     2 ||     2
    Use: Scroll            |     3 |     6 |    10 |     9 ||    28
         Potion            |     2 |       |     2 |     5 ||     9
   Stab: Petrifying        |       |       |       |     1 ||     1
 Armour: Scale mail        |    85 |    44 |       |       ||   129
         Plate armour      |       |   125 |   297 |   321 ||   743
  Dodge: Dodged            |    39 |    65 |    69 |    19 ||   192
  Block: Buckler           |    12 |    27 |    49 |       ||    88
         Kite shield       |       |       |       |  1068 ||  1068

Table legend: (Time is in decaauts)
 A = Elapsed time spent in this place.
 B = Non-inter-level travel time spent in this place.
 C = Inter-level travel time spent in this place.
 D = Time resting spent in this place.
 E = Time spent auto-exploring this place.
 F = Levels seen in this place.
 G = Mean time per level.
                   A        B        C        D        E       F      G
               +--------+--------+--------+--------+--------+-----+--------+
         Total |  13643 |  12923 |    720 |   1665 |   8522 |  16 |  852.7 |
       Dungeon |  11594 |  10940 |    654 |   1259 |   7498 |  13 |  891.8 |
          Lair |   1766 |   1700 |     66 |    380 |    896 |   2 |  883.0 |
       Ossuary |    282 |    282 |      0 |     26 |    128 |   1 |  282.0 |
               +--------+--------+--------+--------+--------+-----+--------+

Top non-repeatable levels by time:
  Lair:1: 1496 daAuts
    D:11: 1480 daAuts
     D:4: 1348 daAuts
    D:10: 1200 daAuts
     D:9: 1110 daAuts
     D:6: 1061 daAuts
     D:3: 1018 daAuts
     D:2: 973 daAuts
     D:7: 892 daAuts
     D:8: 812 daAuts
     D:1: 635 daAuts
     D:5: 544 daAuts
    D:12: 512 daAuts
 Ossuary: 282 daAuts
  Lair:2: 269 daAuts
